 Dungeon Crawl Stone Soup version 0.28-a0-1182-g381e24db82 (webtiles) character file.

Game seed: 5764674815188329217

137 ChaosChampion the Insei (level 5, -7/33 HPs)
             Began as an Octopode Transmuter on Dec 17, 2021.
             Mangled by an orc warrior (24 damage)
             ... on level 3 of the Dungeon.
             The game lasted 00:03:27 (2812 turns).

ChaosChampion the Insei (Octopode Transmuter)       Turns: 2812, Time: 00:03:28

Health: -7/33      AC:  1    Str:  9    XL:     5   Next: 20%
Magic:  5/9        EV: 13    Int: 18    God:
Gold:   50         SH:  0    Dex: 12    Spells: 3/9 levels left

rFire   . . .      SeeInvis .     - Unarmed
rCold   . . .      Faith    .   (no shield)
rNeg    . . .      Spirit   .   (helmet restricted)
rPois   .          Reflect  .   h - amulet of regeneration
rElec   .          Harm     .   (no ring)
rCorr   .          Rampage  .   (no ring)
Will    .....                   (no ring)
Stlth   ++........              (no ring)
HPRegen 0.91/turn               (no ring)
MPRegen 0.11/turn               (no ring)
                                (no ring)
                                (no ring)

@: confused, wereblooded (expiring)
A: almost no armour, amphibious, 8 rings, camouflage 1, gelatinous body 1,
(nimble swimmer 1), tentacles
a: no special abilities


You were on level 3 of the Dungeon.
You visited 1 branch of the dungeon, and saw 3 of its levels.

You collected 50 gold pieces.

Inventory:

Armour
 d - a +0 buckler
Jewellery
 h - an amulet of regeneration (around mantle)
Scrolls
 b - 2 scrolls of identify {unknown}
 i - a scroll of noise {unknown}
 k - a scroll of acquirement {unknown}
 l - a scroll of vulnerability {unknown}
Potions
 a - a potion of invisibility {unknown}
 c - 2 potions of curing
 e - 4 potions of haste {unknown}
 f - a potion of degeneration {unknown}
 g - a potion of lignification {unknown}
 j - a potion of brilliance {unknown}


   Skills:
 - Level 1.0 Fighting
 - Level 2.0 Dodging
 + Level 4.1 Unarmed Combat
 * Level 2.8 Spellcasting
 + Level 3.0 Transmutations
 * Level 2.3 Poison Magic


You had 3 spell levels left.
You knew the following spells:

 Your Spells              Type           Power      Damage    Failure   Level
a - Beastly Appendage     Tmut           26%        N/A       4%          1
b - Wereblood             Tmut           13%        N/A       8%          2
c - Spider Form           Tmut/Pois      12%        N/A       17%         3

Your spell library contained the following spells:

 Spells                   Type           Power      Damage    Failure   Level
 Frozen Ramparts          Ice            4%         1d2       45%         3
 Ice Form                 Ice/Tmut       7%         N/A       65%         4
 Summon Ice Beast         Ice/Summ       2%         N/A       86%         4


Dungeon Overview and Level Annotations

Branches:
Dungeon (3/15)

Altars:
Zin

Annotations:
D:3 1 runed translucent door, juzbaz's ghost, amateur GrBe


Innate Abilities, Weirdness & Mutations

You cannot wear most types of armour.
You are amphibious.
You can wear up to eight rings at the same time.
Your skin changes colour to match your surroundings (Stealth+).
Your rubbery body absorbs attacks. (AC +1, EV +1)
((You are camouflaged near water. (Stealth+)))
You have tentacles for arms and can constrict up to eight enemies at once.


Message History

You have reached level 5!
You feel clever.
You hit the orc but do no damage.
The orc is poisoned.
Your transformation has ended.
You tentacle-slap the orc but do no damage.
You grab the orc.
You constrict the orc, but do no damage.
A magic dart appears from out of thin air!
The magic dart hits you. The orc hits you with a +0 club.
You tentacle-slap the orc but do no damage.
You squeeze the orc.
You feel a bit better.
You kill the orc!
Your Transmutations skill increases to level 3!
You tentacle-slap something. x2
You miss something. Something hits you but does no damage.
You closely miss something.
You howl as the wereblood boils in your veins!
You tentacle-slap something.
Your tentacle-slap misses something.
The orc throws a boomerang.
Something hits you.
You tentacle-slap the orc warrior. Your grab misses the orc warrior.
The orc warrior is lightly wounded.
The orc warrior closely misses you.
You hear some strange, mumbled words.
You are confused.
You tentacle-slap the orc warrior but do no damage.
The orc warrior is lightly wounded.
Your primal bloodlust is almost over.
The orc warrior closely misses you. Something hits you.
You bump into the rock wall.
You howl as the wereblood boils in your veins!
The orc warrior completely misses you.
The orc throws a boomerang.
Something hits you.
You're too confused to cast spells.
You're too confused to move!
You howl as the wereblood boils in your veins!
The orc warrior closely misses you. Something hits you.
You're too confused to move!
The orc warrior hits you with a +0 battleaxe!!
Ouch! That really hurt!
You die...

#.........#....# #... ######
#.........#....#####... #.....##
#........<#....##...... #..o....
+.........'....+.......
#......###.........#....##.##...
#....o...#.........#....##.##...
#......o.######'####.......#####
#......########o# #......######
#............o{@# #......'.....
#...>..########## ####...#.....
##+###># #...#.###. #.#
#...#...#. #.#
#########...#####. #..
..........### #... #.#
..........# #.## #. ..........#
#.# ..........# #.##


You could see an orc warrior and an orc.

Vanquished Creatures
  Terence (D:2)
  An orc wizard (D:3)
  2 adders (D:2)
  2 dart slugs (D:3)
  An orc (D:3)
  2 endoplasms
  A giant cockroach (D:3)
  6 goblins
  8 hobgoblins
  7 jackals
  A quokka (D:2)
  7 ball pythons
  8 bats
  4 frilled lizards
  3 kobolds
  7 rats
61 creatures vanquished.

Notes
Turn   | Place    | Note
-------+----------+-------------------------------------------
     0 | D:1      | ChaosChampion the Octopode Transmuter began the quest for
                  | the Orb.
     0 | D:1      | Reached XP level 1. HP: 13/13 MP: 3/3
   380 | D:1      | Reached XP level 2. HP: 18/18 MP: 3/5
   459 | D:1      | Learned a level 2 spell: Wereblood
   926 | D:2      | Reached XP level 3. HP: 20/23 MP: 4/6
   974 | D:2      | Learned a level 3 spell: Spider Form
  1166 | D:2      | Found a glowing silver altar of Zin.
  1409 | D:2      | Reached skill level 1 in Poison Magic
  1495 | D:2      | Found a faded altar of an unknown god.
  1581 | D:2      | Reached XP level 4. HP: 7/28 MP: 3/7
  1850 | D:2      | Noticed Terence
  1866 | D:2      | Killed Terence
  1867 | D:2      | Reached skill level 4 in Unarmed Combat
  2381 | D:3      | Found a runed translucent door.
  2384 | D:3      | Noticed juzbaz's ghost (amateur GrBe)
  2781 | D:3      | Noticed an orc warrior
  2801 | D:3      | Reached XP level 5. HP: 28/33 MP: 4/9
  2812 | D:3      | Mangled by an orc warrior

Illustrated notes

Levels and vault maps discovered:
D:1:      minmay_arrival_solitary_statue, layout_rooms, minmay_tromino_v2
D:2:      layout_loops_ring, basic_altar, basic_ecumenical_altar, uniq_terence
D:3:      kennysheep_big_flooded_room, layout_basic, ebering_ghost_sewer_d

Skill      XL: |  1  2  3  4  5 |
---------------+----------------+-----
Poison Magic   | 1 2 |  2.3
Unarmed Combat | 4 |  4.1
Transmutations | 3 |  3.0
Fighting       | |  1.0
Dodging        | |  2.0
Spellcasting   | |  2.8

Action                   |  1- 3 |  4- 6 || total
-------------------------+-------+-------++-------
Melee: Unarmed           |    83 |    64 ||   147
       Constrict         |    20 |    15 ||    35
       Tentacles         |    17 |     7 ||    24
       Kick              |     9 |     8 ||    17
       Punch             |     1 |     3 ||     4
 Cast: Beastly Appendage |    16 |    13 ||    29
       Spider Form       |     2 |     2 ||     4
       Wereblood         |       |     7 ||     7
  Use: Potion            |       |     1 ||     1
 Stab: Sleeping          |     8 |     4 ||    12
Armor: Skin              |     7 |     3 ||    10
Dodge: Dodged            |    51 |    34 ||    85

Table legend: (Time is in decaauts)
 A = Elapsed time spent in this place.
 B = Non-inter-level travel time spent in this place.
 C = Inter-level travel time spent in this place.
 D = Time resting spent in this place.
 E = Time spent auto-exploring this place.
 F = Levels seen in this place.
 G = Mean time per level.
                   A        B        C        D        E       F      G
               +--------+--------+--------+--------+--------+-----+--------+
         Total |   2800 |   2773 |     27 |     44 |   2291 |   3 |  933.3 |
       Dungeon |   2800 |   2773 |     27 |     44 |   2291 |   3 |  933.3 |
               +--------+--------+--------+--------+--------+-----+--------+

Top non-repeatable levels by time:
     D:2: 1292 daAuts
     D:1: 918 daAuts
     D:3: 589 daAuts
